 Dungeon Crawl Stone Soup version 0.29.1-4-g47bece8355 (webtiles) character file.

Game seed: 6077428149398574221

80 Peloso the Covered (level 4, -6/41 HPs)
             Began as a Minotaur Fighter on Dec 3, 2022.
             Mangled by Natasha (7 damage)
             ... on level 2 of the Dungeon.
             The game lasted 00:01:19 (982 turns).

Peloso the Covered (Minotaur Fighter)                Turns: 982, Time: 00:01:19

Health: -6/41      AC:  7    Str: 21    XL:     4   Next: 18%
Magic:  3/3        EV:  9    Int:  5    God:
Gold:   22         SH:  4    Dex: 11    Spells: 3/3 levels left

rFire   . . .      SeeInvis .   a - +0 long sword
rCold   . . .      Faith    .   c - +0 buckler
rNeg    . . .      Spirit   .   b - +0 scale mail
rPois   .          Reflect  .   (helmet restricted)
rElec   .          Harm     .   (no cloak)
rCorr   .          Rampage  .   (no gloves)
Will    .....                   (no boots)
Stlth   ..........              (no amulet)
HPRegen 0.13/turn               (no ring)
MPRegen 0.08/turn               (no ring)

@: slowed, very slow
A: horns 2, retaliatory headbutt
a: no special abilities


You were on level 2 of the Dungeon.
You visited 1 branch of the dungeon, and saw 2 of its levels.

You collected 22 gold pieces.

Inventory:

Hand Weapons
 a - a +0 long sword (weapon)
Armour
 b - a +0 scale mail (worn)
 c - a +0 buckler (worn)
Potions
 d - a potion of might


   Skills:
 + Level 4.3 Fighting
 + Level 3.5 Long Blades
 + Level 4.4 Armour
 + Level 0.2 Dodging
 + Level 4.2 Shields


You had 3 spell levels left.
You didn't know any spells.
Your spell library was empty.

Dungeon Overview and Level Annotations

Branches:
Dungeon (2/15)

Altars:

Annotations:
D:2 Natasha


Innate Abilities, Weirdness & Mutations

You have a pair of horns on your head.
You reflexively headbutt those who attack you in melee.


Message History

A gnoll is nearby!
The gnoll shouts!
Found a dagger.
Something unseen opens the door.
You hit the gnoll but do no damage. The gnoll hits you with a +0 whip.
Natasha, Servant of Life and Death comes into view.
Natasha hisses angrily.
You slash the gnoll!
The gnoll is severely wounded.
The gnoll hits you with a +0 whip.
An orc comes into view. It is wielding a +0 flail.
Natasha stares at you and mumbles some strange words.
You feel yourself slow down. The gnoll hits you with a +0 whip.
You hit the gnoll.
The gnoll is severely wounded.
Natasha mumbles some strange words.
The gnoll hits you but does no damage.
You barely miss the gnoll. You headbutt the gnoll.
The gnoll is almost dead.
The gnoll hits you with a +0 whip. The orc hits you with a +0 flail.
An orc comes into view. It is wielding a +1 flail of draining.
The gnoll misses you. You block the orc's attack.
You slash the gnoll!
You kill the gnoll!
You block the orc's attack.
An orc comes into view. It is wielding a +0 trident.
The orc closely misses you. You furiously retaliate!
You headbutt the orc. Natasha closely misses you. You furiously retaliate!
You headbutt Natasha.
Unknown command.
Natasha attacks as you move away! Natasha claws you.
* * * LOW HITPOINT WARNING * * *
Natasha growls.
Natasha claws you.
* * * LOW HITPOINT WARNING * * *
The orc hits you with a +0 flail.
* * * LOW HITPOINT WARNING * * *
Natasha claws you.
* * * LOW HITPOINT WARNING * * *
Natasha attacks as you move away! Natasha claws you!
You die...

.........#
.........# #...#
##..### ###....#
##.#.##.########
##..#.##.........
##...'..##...####
##.h@)#.....###
#..o..#.#####
#o...##.....#
.)..5o...###.###.#
.....#..####.#
.... #.###.#.# ##'
####..#.# ..
##...'.### .
##....#...########


You could see an iron imp (summoned), Natasha and 3 orcs.

Vanquished Creatures
  Natasha (D:2)
  An orc wizard (D:2)
  A gnoll (D:2)
  2 ball pythons (D:1)
  A bat (D:1)
  3 endoplasms
  A giant cockroach (D:1)
  2 goblins (D:1)
  4 hobgoblins
  A quokka (D:1)
  A frilled lizard (D:1)
  A kobold (D:1)
  A rat (D:1)
20 creatures vanquished.

Notes
Turn   | Place    | Note
-------+----------+-------------------------------------------
     0 | D:1      | Peloso the Minotaur Fighter began the quest for the Orb.
     0 | D:1      | Reached XP level 1. HP: 19/19 MP: 0/0
   142 | D:1      | Reached XP level 2. HP: 25/27 MP: 1/1
   710 | D:1      | Found a faded altar of an unknown god.
   831 | D:2      | Noticed Natasha
   838 | D:2      | Killed Natasha
   839 | D:2      | Reached XP level 3. HP: 28/33 MP: 2/2
   956 | D:2      | Reached XP level 4. HP: 25/41 MP: 3/3
   975 | D:2      | Noticed Natasha
   981 | D:2      | HP: 1/41 [Natasha (4)]
   982 | D:2      | Mangled by Natasha

Illustrated notes

Levels and vault maps discovered:
D:1:      psy_arrival_conway, layout_loops_ring,
          shapermc_ecumenical_altar_mp_vishouse
D:2:      layout_rooms, serial_shops, nicolae_shop_trees, minmay_quadrilaterals,
          uniq_natasha, uniq_terence

Skill      XL: |  1  2 |
---------------+-------+-----
Fighting       | 4 |  4.3
Long Blades    | 3 |  3.5
Armour         | 4 |  4.4
Shields        | 4 |  4.2
Dodging        | |  0.2

Action                   |  1- 3 |  4- 6 || total
-------------------------+-------+-------++-------
Melee: Long sword        |    50 |     6 ||    56
       Headbutt          |     9 |     1 ||    10
  Use: Scroll            |     2 |       ||     2
       Potion            |     2 |       ||     2
Armor: Scale mail        |    23 |     1 ||    24
Dodge: Dodged            |    22 |     3 ||    25
Block: Buckler           |    10 |     2 ||    12
